 Dungeon Crawl Stone Soup version 0.27-a0-1301-g128193abf8 (webtiles) character file.

Game seed: 10809635735167724000

512 27snakeeyes612 the Shield-Bearer (level 7, -1/44 HPs)
             Began as a Gargoyle Fighter on June 17, 2021.
             Slain by Sigmund (3 damage)
             ... on level 5 of the Dungeon.
             The game lasted 00:03:10 (4788 turns).

27snakeeyes612 the Shield-Bearer (Gargoyle Fighter) Turns: 4788, Time: 00:03:11

Health: -1/44      AC: 15    Str: 21    XL:     7   Next: 19%
Magic:  7/7        EV:  6    Int:  9    God:
Gold:   127        SH: 10    Dex:  9    Spells: 6/6 levels left

rFire    + . .     SeeInvis .   a - +0 flail
rCold    x . .     Faith    .   c - +0 kite shield
rNeg     + . .     Spirit   .   j - +0 chain mail
rPois    ∞         Reflect  .   (no helmet)
rElec    +         Harm     .   r - +0 cloak
rCorr    .         Rampage  .   (no gloves)
Will     .....                  (no boots)
Stlth    ..........             (no amulet)
HPRegen  0.14/turn              g - ring of fire
MPRegen  0.10/turn              (no ring)

@: no status effects
A: sickness immunity, AC +4, negative energy resistance 1, electricity
resistance, torment resistance 1, petrification resistance
a: no special abilities


You were on level 5 of the Dungeon.
You visited 1 branch of the dungeon, and saw 5 of its levels.

You collected 127 gold pieces.

Inventory:

Hand Weapons
 a - a +0 flail (weapon)
Armour
 b - a +0 scale mail
 c - a +0 kite shield (worn)
 j - a +0 chain mail (worn)
 r - a +0 cloak (worn)
Jewellery
 g - a ring of fire (left hand)
Scrolls
 e - 2 scrolls of identify {unknown}
 k - a scroll of teleportation {unknown}
 l - 3 scrolls of enchant armour {unknown}
 o - 5 scrolls of fear {unknown}
 p - a scroll of fog {unknown}
Potions
 d - a potion of might
 f - a potion of brilliance {unknown}
 h - a potion of attraction {unknown}
 i - a potion of invisibility {unknown}
 m - a potion of haste
 n - a potion of mutation {unknown}
 q - a potion of magic {unknown}


   Skills:
 + Level 5.0 Fighting
 + Level 4.1 Maces & Flails
 + Level 5.2 Armour
 + Level 5.2 Shields


You had 6 spell levels left.
You didn't know any spells.
Your spell library contained the following spells:

 Spells                   Type           Power      Damage    Failure   Level
 Magic Dart               Conj           0%         1d3       100%        1
 Shock                    Conj/Air       0%         1d3       100%        1
 Searing Ray              Conj           0%         3d3       100%        2
 Static Discharge         Conj/Air       0%         N/A       100%        2
 Dazzling Flash           Conj/Hex       0%         N/A       100%        3
 Swiftness                Air            0%         N/A       100%        3
 Airstrike                Air            0%         N/A       100%        4
 Fulminant Prism          Conj/Hex       0%         3d6       100%        4
 Iskenderun's Mystic Bla  Conj/Tloc      0%         2d3       100%        4
 Lightning Bolt           Conj/Air       0%         1d11      100%        5


Dungeon Overview and Level Annotations

Branches:
Dungeon (5/15)
 Temple: D:4-7

Altars:

Shops:
D:4 *

Annotations:
D:5 1 runed translucent door, Crazy Yiuf, Sigmund


Innate Abilities, Weirdness & Mutations

You are immune to sickness and miasma.
Your stone body is resilient. (AC +4)
You are immune to poison.
You resist negative energy. (rN+)
You are resistant to electric shocks. (rElec)
You are resistant to unholy torment.
You are immune to petrification.


Message History

You open the door.
Sigmund the Dreaded comes into view.
He is wielding a +0 scythe.
Sigmund shouts!
Sigmund points at you and mumbles some strange words.
You resist with some effort.
Found a stone staircase leading up.
Sigmund is nearby!
Sigmund is nearby!
There is an open door here.
There is a stone staircase leading up here.
Sigmund barely misses you.
You closely miss Sigmund. Sigmund barely misses you.
You closely miss Sigmund.
Sigmund gestures wildly while chanting.
Sigmund flickers and vanishes!
Deactivating autopickup; reactivate with Ctrl-A.
You barely miss something.
Something hits you but does no damage. x2
Your shield prevents you from hitting something.
Something hits you but does no damage.
You barely miss something.
Something hits you but does no damage. x2
You sock something! Something hits you!
Your shield prevents you from hitting something.
Something hits you but does no damage.
You miss something.
You hear some strange, mumbled words.
You are confused.
Something hits you.
You bump into the rock wall.
Something hits you! Something hits you but does no damage. Something hits you.
You miss something. Something hits you! Something hits you but does no damage.
A magic dart appears from out of thin air!
The magic dart hits you!
* * * LOW HITPOINT WARNING * * *
You feel less confused. Something hits you!
* * * LOW HITPOINT WARNING * * *
You miss something. Something completely misses you. Something hits you.
You die...

....# #....# ...
....##+###....#### ....
+##.......(...#..# ...#
#...........'<.##...#
+.........^.#.......#
#......†....#.......#
....#+####....#..##...#
....# #....#..#######.
....# #....#.@........
....# #....#.......##
#....#..##...# ..#..#
...# #... ...# #...#
..# ##### #


There were no monsters in sight!

Vanquished Creatures
  A phantom (D:4)
  A wyvern skeleton (D:4)
  A water moccasin skeleton (D:4)
  2 howler monkeys (D:4)
  A hound (D:5)
  2 iguanas (D:4)
  2 orc wizards (D:4)
  2 hound skeletons (D:4)
  2 adders
  An adder skeleton (D:4)
  3 dart slugs
  13 orcs
  A bat (D:1)
  3 endoplasms
  4 giant cockroaches
  7 goblins
  3 hobgoblins
  13 jackals
  3 quokkas
  3 ball pythons
  4 frilled lizards
  5 kobolds
  6 rats
83 creatures vanquished.

Notes
Turn   | Place    | Note
-------+----------+-------------------------------------------
     0 | D:1      | 27snakeeyes612 the Gargoyle Fighter began the quest for the
                  | Orb.
     0 | D:1      | Reached XP level 1. HP: 14/14 MP: 1/1
   231 | D:1      | Reached XP level 2. HP: 19/19 MP: 2/2
   532 | D:1      | Found a faded altar of an unknown god.
  1223 | D:2      | Reached XP level 3. HP: 23/23 MP: 3/3
  2227 | D:3      | Reached XP level 4. HP: 24/29 MP: 4/4
  2961 | D:4      | Reached XP level 5. HP: 29/33 MP: 5/5
  3261 | D:4      | Found Liqajur's General Store.
  3582 | D:4      | Reached XP level 6. HP: 30/39 MP: 6/6
  4051 | D:4      | Reached skill level 5 in Armour
  4051 | D:4      | Reached skill level 5 in Shields
  4059 | D:4      | Reached XP level 7. HP: 6/44 MP: 7/7
  4345 | D:4      | Reached skill level 5 in Fighting
  4629 | D:5      | Entered Level 5 of the Dungeon
  4702 | D:5      | Found a runed translucent door.
  4703 | D:5      | Noticed Crazy Yiuf
  4767 | D:5      | Noticed Sigmund
  4787 | D:5      | HP: 2/44 [something (10)]
  4788 | D:5      | Slain by Sigmund

Illustrated notes

Levels and vault maps discovered:
D:1:      sevenhm_arrival_forest_fort_large_2, layout_loops_ring,
          chequers_ecumenical_altar_island
D:2:      layout_rooms, kennysheep_boxes
D:3:      layout_loops_ring
D:4:      layout_loops_ring, grunt_ministairs_9, hangedman_feature_mirror,
          nicolae_take_the_stairs, chequers_serial_rivers_room_a
D:5:      layout_gridville, minmay_misc_feat_rugged, grunt_ministairs_8,
          uniq_prince_ribbit1, uniq_sigmund, uniq_crazy_yiuf_cottage,
          uniq_eustachio

Skill      XL: |  1  2  3  4  5  6  7 |
---------------+----------------------+-----
Shields        | 4 5 |  5.2
Fighting       | 4 5 |  5.0
Maces & Flails | 3 4 |  4.1
Armour         | 4 5 |  5.2

Action                   |  1- 3 |  4- 6 |  7- 9 || total
-------------------------+-------+-------+-------++-------
Melee: Flail             |   167 |   227 |    44 ||   438
Armor: Scale mail        |    34 |       |       ||    34
       Chain mail        |    83 |   151 |    39 ||   273
Dodge: Dodged            |    33 |    49 |    15 ||    97
Block: Kite shield       |    90 |   123 |    27 ||   240

Table legend: (Time is in decaauts)
 A = Elapsed time spent in this place.
 B = Non-inter-level travel time spent in this place.
 C = Inter-level travel time spent in this place.
 D = Time resting spent in this place.
 E = Time spent auto-exploring this place.
 F = Levels seen in this place.
 G = Mean time per level.
                   A        B        C        D        E       F      G
               +--------+--------+--------+--------+--------+-----+--------+
         Total |   5025 |   4943 |     82 |      0 |   4013 |   5 | 1005.0 |
       Dungeon |   5025 |   4943 |     82 |      0 |   4013 |   5 | 1005.0 |
               +--------+--------+--------+--------+--------+-----+--------+

Top non-repeatable levels by time:
     D:4: 1950 daAuts
     D:1: 1090 daAuts
     D:2: 1082 daAuts
     D:3: 737 daAuts
     D:5: 165 daAuts
